 Dungeon Crawl Stone Soup version 0.27.0-1-g7a089689b8 (webtiles) character file.

Game seed: 8480022863976002377

1737 Malachi the Covert (level 8, -8/52 HPs)
             Began as a Vampire Enchanter on Aug 17, 2021.
             Was a Priest of Vehumet.
             Mangled by Harold (13 damage)
             ... on level 7 of the Dungeon.
             The game lasted 00:18:41 (7278 turns).

Malachi the Covert (Vampire Enchanter)              Turns: 7278, Time: 00:18:42

Health: -8/52      AC:  3    Str:  7    XL:     8   Next: 76%
Magic:  4/15       EV: 13    Int: 20    God:    Vehumet [***...]
Gold:   292        SH:  0    Dex: 14    Spells: 5/17 levels left

rFire    . . .     SeeInvis +   e - +0 dagger (venom)
rCold    . . .     Faith    +   (no shield)
rNeg     . . .     Spirit   .   b - +0 robe
rPois    .         Reflect  .   f - +0 helmet
rElec    .         Harm     .   (no cloak)
rCorr    .         Rampage  .   (no gloves)
Will     .....                  (no boots)
Stlth    ++++......             s - amulet of faith
HPRegen  0.37/turn              (no ring)
MPRegen  0.14/turn              (no ring)

@: confusing by touch, marked, very slightly contaminated, healing quickly
A: alive, fangs 3, see invisible, vampiric 2
a: Exsanguinate, Renounce Religion


You were on level 7 of the Dungeon.
You worshipped Vehumet.
Vehumet was most pleased with you.
You visited 1 branch of the dungeon, and saw 7 of its levels.

You collected 292 gold pieces.

Inventory:

Hand Weapons
 a - a +2 dagger of draining
 e - a +0 dagger of venom (weapon)
Armour
 b - a +0 robe (worn)
 f - a +0 helmet (worn)
Jewellery
 s - an amulet of faith (around neck)
Wands
 m - a wand of mindburst (12)
Scrolls
 c - a scroll of teleportation
 g - 4 scrolls of enchant armour
 u - a scroll of fog
Potions
 d - a potion of haste
 h - 3 potions of curing
 i - a potion of attraction
 j - a potion of heal wounds
 k - 4 potions of mutation
 l - a potion of might
 n - a potion of berserk rage
 o - a potion of cancellation
 q - 2 potions of ambrosia


   Skills:
 - Level 5.7 Short Blades
 - Level 3.0 Dodging
 * Level 9.9 Stealth
 - Level 5.0 Spellcasting
 * Level 6.8 Hexes
 - Level 4.6 Ice Magic


You had 5 spell levels left.
You knew the following spells:

 Your Spells              Type           Power      Damage    Failure   Level
a - Tukima's Dance        Hex            32%        N/A       1%          3
b - Ensorcelled Hibernat  Hex/Ice        56%        N/A       1%          2
c - Freeze                Ice            92%        1d10      1%          1
d - Confusing Touch       Hex            32%        N/A       1%          3
e - Frozen Ramparts       Ice            46%        1d6       1%          3

Your spell library contained the following spells:

 Spells                   Type           Power      Damage    Failure   Level
 Corona                   Hex            35%        N/A       1%          1
 Slow                     Hex            32%        N/A       1%          2
 Dazzling Flash           Conj/Hex       36%        N/A       2%          3
 Portal Projectile        Hex/Tloc       36%        N/A       9%          3
 Summon Guardian Golem    Hex/Summ       18%        N/A       9%          3
 Gell's Gravitas          Tloc           2%         N/A       34%         3
 Teleport Other           Tloc           5%         N/A       34%         3
 Vampiric Draining        Necr           2%         2d6       34%         3
 Dispersal                Tloc           2%         N/A       100%        6


Dungeon Overview and Level Annotations

Branches:
Dungeon (7/15)             Temple (0/1) D:6

Altars:
Vehumet

Shops:
D:4 (   D:5 [   D:6 *

Annotations:
D:7 Harold


Innate Abilities, Weirdness & Mutations

Your natural rate of healing is accelerated.
You have razor-sharp teeth.
You have supernaturally acute eyesight. (SInv)
You are afflicted with vampirism and can become a bat while bloodless.


Message History

Aiming: Ensorcelled Hibernation (safe; 1% risk of failure)
Press: ? - help, Shift-Dir - straight line, f/p - Harold
Aim: Harold, wearing a +0 scale mail and quivering a throwing net (chance to affect: 23%) Harold resists with almost no effort.
Harold throws a throwing net.
The throwing net hits you.
You become entangled in the net!
You tear a large gash into the net.
You struggle against the net.
You rip the net and break free!
Harold hits you!
Casting: Ensorcelled Hibernation (safe; 1% risk of failure)
Confirm with . or Enter, or press ? or * to list all spells.
Aiming: Ensorcelled Hibernation (safe; 1% risk of failure)
Press: ? - help, Shift-Dir - straight line, f/p - Harold
Aim: Harold, wearing a +0 scale mail (ally target, chance to affect: 23%)
You miscast Ensorcelled Hibernation.
You are very lightly contaminated with residual magic.
Nothing appears to happen.
Harold hits you!
Casting: Ensorcelled Hibernation (safe; 1% risk of failure)
Confirm with . or Enter, or press ? or * to list all spells.
Aiming: Ensorcelled Hibernation (safe; 1% risk of failure)
Press: ? - help, Shift-Dir - straight line, f/p - Harold
Aim: Harold, wearing a +0 scale mail (ally target, chance to affect: 23%) Harold resists with almost no effort.
Harold hits you.
Casting: Ensorcelled Hibernation (safe; 1% risk of failure)
Confirm with . or Enter, or press ? or * to list all spells.
Aiming: Freeze (safe; 1% risk of failure)
Press: ? - help, Shift-Dir - straight line, f/p - Harold
Aim: Harold, wearing a +0 scale mail (ally target)
Okay, then.
Casting: Freeze (safe; 1% risk of failure)
Confirm with . or Enter, or press ? or * to list all spells.
Your hands begin to glow red.
Harold hits you!
You are too injured to fight recklessly!
You hit Harold but do no damage.
Harold points at you and mumbles some strange words.
A sentinel's mark forms upon you.
Your +0 battleaxe hits Harold!
Harold hits you!
* * * LOW HITPOINT WARNING * * *
Your +0 battleaxe hits Harold.
Harold hits you!
You die...

.# ##....#####.........+.........
.# #.....#####.##.....##.........
.###...........##.....##.........
.##............##....############
.#...♣........###..#..
.#..[..............#.#
.#...♣♣............#.###
.#....♣...>.....@(......
.#.#............@..#.##
.#................##
.####.............#
.######.......#####
........#'##### #########.# #.#
#.# ###'###


You could see Harold (ally target) and a friendly +0 battleaxe.

Vanquished Creatures
  A troll (D:6)
  3 sky beasts
  An ice beast (D:5)
  A black bear (D:5)
  An ogre (D:6)
  A phantom (D:4)
  A kobold brigand (D:6)
  A bullfrog (D:6)
  A centaur zombie (D:6)
  A centaur skeleton (D:6)
  2 orc priests
  3 hounds
  A bullfrog skeleton (D:6)
  4 orc wizards
  4 iguanas
  A killer bee zombie (D:6)
  3 gnolls (D:5)
  2 howler monkey skeletons
  4 adders
  A shadow imp (D:7)
  3 worms
  3 dart slugs
  19 orcs
  14 ball pythons
  3 bats
  6 endoplasms
  4 giant cockroaches
  4 goblins
  6 hobgoblins
  3 jackals (D:1)
  10 kobolds
  6 quokkas
  4 frilled lizards
  A jackal skeleton (D:4)
  5 rats
128 creatures vanquished.

Vanquished Creatures (collateral kills)
  Edmund (D:5)
  An ogre (D:4)
  A gnoll (D:5)
3 creatures vanquished.

Vanquished Creatures (others)
  A dancing weapon (D:6)
  A plant (D:1)
2 creatures vanquished.

Grand Total: 133 creatures vanquished

Notes
Turn   | Place    | Note
-------+----------+-------------------------------------------
     0 | D:1      | Malachi the Vampire Enchanter began the quest for the Orb.
     0 | D:1      | Reached XP level 1. HP: 13/13 MP: 3/3
   281 | D:1      | Reached XP level 2. HP: 19/19 MP: 5/5
   284 | D:1      | Learned a level 2 spell: Ensorcelled Hibernation
   432 | D:1      | Reached skill level 5 in Hexes
   817 | D:1      | Found a faded altar of an unknown god.
   845 | D:1      | Became a worshipper of Vehumet
   845 | D:1      | Reached * piety under Vehumet
   845 | D:1      | Offered knowledge of Shock by Vehumet.
  1227 | D:2      | Gained mutation: You are afflicted with vampirism and can
                  | become a bat while bloodless. [Vampire growth]
  1227 | D:2      | Reached XP level 3. HP: 23/24 MP: 4/6
  1410 | D:2      | Reached skill level 1 in Ice Magic
  1905 | D:2      | Offered knowledge of Freeze by Vehumet.
  1955 | D:2      | Learned a level 1 spell: Freeze
  2107 | D:3      | Reached ** piety under Vehumet
  2150 | D:3      | Learned a level 3 spell: Confusing Touch
  2205 | D:3      | Reached XP level 4. HP: 30/30 MP: 6/8
  2729 | D:3      | Got the Reference Book on Hexes
  2785 | D:3      | Reached XP level 5. HP: 33/35 MP: 7/9
  2943 | D:3      | Offered knowledge of Mephitic Cloud by Vehumet.
  3403 | D:4      | Reached XP level 6. HP: 16/41 MP: 2/12
  3583 | D:4      | Learned a level 3 spell: Tukima's Dance
  3631 | D:4      | Reached *** piety under Vehumet
  3860 | D:4      | Found Suyptal's Antique Weapon Emporium.
  4174 | D:5      | Entered Level 5 of the Dungeon
  4191 | D:5      | Noticed an ice beast
  4672 | D:5      | Noticed Edmund
  4681 | D:5      | Killed Edmund
  4682 | D:5      | Reached skill level 5 in Spellcasting
  4682 | D:5      | Reached XP level 7. HP: 42/46 MP: 8/14
  4850 | D:5      | Reached skill level 5 in Stealth
  4966 | D:5      | Reached skill level 6 in Stealth
  5094 | D:5      | Found Bob Xudediuch's Armour Shoppe.
  5128 | D:5      | Identified the +2 ring mail of the Sacrificial Victim
                  | {Dex+4 Slay+2}
  5383 | D:6      | Noticed a troll
  5394 | D:6      | Killed a troll
  5395 | D:6      | Reached skill level 7 in Stealth
  5395 | D:6      | Reached XP level 8. HP: 10/52 MP: 15/15
  5734 | D:6      | Found a staircase to the Ecumenical Temple.
  5753 | D:6      | Offered knowledge of Frozen Ramparts by Vehumet.
  5901 | D:6      | Reached skill level 8 in Stealth
  5922 | D:6      | Reached skill level 5 in Short Blades
  6107 | D:6      | Found Jyfuepok's General Store.
  6114 | D:6      | Reached skill level 9 in Stealth
  6213 | D:6      | Learned a level 3 spell: Frozen Ramparts
  6542 | D:7      | Noticed Harold
  7278 | D:7      | Mangled by Harold

Illustrated notes

Levels and vault maps discovered:
D:1:      dpeg_arrival_lava_temple_mockup, layout_basic,
          shapermc_ecumenical_altar_mp_ritualfount
D:2:      layout_loops_ring, minmay_fountain_box, minmay_tetromino_s2
D:3:      layout_rooms, minivault_25, minmay_shallow_snake_nest
D:4:      layout_gridville, serial_shops, shop, dk_vineyard_3
D:5:      layout_cave_pools, serial_shops, nicolae_shop_stone, uniq_edmund
D:6:      layout_loops_ring, minmay_temple_entry_grid, serial_shops,
          nicolae_square_shop
D:7:      layout_basic, serial_park_tiny_2, minmay_misc_feat_x, grunt_ogre_cave,
          uniq_harold, uniq_prince_ribbit1

Skill      XL: |  1  2  3  4  5  6  7  8 |
---------------+-------------------------+-----
Hexes          | 5 6 |  6.8
Ice Magic      | 1 2 3 4 |  4.6
Spellcasting   | 3 4 5 |  5.0
Stealth        | 7 9 |  9.9
Short Blades   | 4 5 |  5.7
Dodging        | 3 |  3.0

Action                   |  1- 3 |  4- 6 |  7- 9 || total
-------------------------+-------+-------+-------++-------
Melee: Dagger            |   107 |   200 |    93 ||   400
       Bite              |     9 |     8 |     9 ||    26
 Cast: Corona            |     1 |       |       ||     1
       Ensorcelled Hiber |    27 |    50 |    24 ||   101
       Tukima's Dance    |       |     4 |     4 ||     8
       Confusing Touch   |       |     1 |     6 ||     7
       Freeze            |       |     1 |       ||     1
  Use: Scroll            |     8 |     6 |     8 ||    22
       Potion            |       |     5 |     2 ||     7
 Stab: Sleeping          |    30 |    24 |    19 ||    73
       Confused          |       |     1 |     6 ||     7
Armor: Robe              |    37 |    24 |    16 ||    77
       Skin              |       |    40 |       ||    40
Dodge: Dodged            |    96 |   119 |    53 ||   268
